 Dungeon Crawl Stone Soup version 0.32-a0-450-g080537f31e (webtiles) character file.

Game seed: 14465621557572944632

59 jasper the Chopper (level 4, -4/35 HPs)
             Began as a Coglin Chaos Knight on Feb 23, 2024.
             Was a Plaything of Xom.
             Slain by a soul eater (20 damage)
             ... summoned by Xom
             ... on level 2 of the Dungeon.
             The game lasted 00:02:11 (1189 turns).

jasper the Chopper (Coglin Chaos Knight)            Turns: 1189, Time: 00:02:11

Health: -4/35      AC:  5    Str: 14    XL:     4   Next: 3%
Magic:  4/4        EV: 11    Int: 11    God:    Xom [....*.]
Gold:   46         SH:  0    Dex: 14    Spells: 3/3 levels left

rFire   . . .        a - +0 hand axe (chaos) {Leticia}
rCold   . . .        d - +0 trident {Ekveer}
rNeg    . . .        b - +2 leather armour
rPois   .            (no helmet)
rElec   .            (no cloak)
rCorr   .            (no gloves)
SInv    .            (no boots)
Will    .....        (no amulet)
Stlth   +            (no ring)
HPRegen 0.25/turn    (no ring)
MPRegen 0.09/turn

%: no passive effects
@: no status effects
A: off-hand wielding, slow wielding, warmup strikes, legs shutdown
a: Renounce Religion


You were on level 2 of the Dungeon.
You worshipped Xom.
You were a beloved toy of Xom.
You visited 1 branch of the dungeon, and saw 2 of its levels.

You collected 46 gold pieces.

Inventory:

Hand Weapons
 a - a +0 hand axe of chaos (weapon) {Leticia}
 d - a +0 trident (offhand) {Ekveer}
Armour
 b - a +2 leather armour (worn)
Scrolls
 e - a scroll of teleportation {unknown}
Potions
 f - 2 potions of heal wounds {unknown}
 g - a potion of magic {unknown}
 h - a potion of berserk rage {unknown}


   Skills:
 - Level 3.0 Fighting
 + Level 4.0(4.3) Axes
 + Level 2.1(3.2) Polearms
 - Level 1.7 Armour
 - Level 0.8 Dodging


You had 3 spell levels left.
You didn't know any spells.
Your spell library contained the following spells:

 Spells                   Type           Power      Damage    Failure   Level
 Alistair's Intoxication  Alch           0%         N/A       100%        5
 Borgnjor's Vile Clutch   Necr/Erth      0%         N/A       100%        5
 Eringya's Noxious Bog    Alch           0%         4d6       100%        6


Dungeon Overview and Level Annotations

Branches:
Dungeon (2/15)

Altars:


Innate Abilities, Weirdness & Mutations

You can wield a second weapon in your off-hand.
It takes a long time for you to wield or remove held weapons.
Your first few attacks do less damage.
Attacking and casting redirects power from your legs.


Message History

You closely miss the hobgoblin with your +0 hand axe of chaos.
The hobgoblin misses you.
You closely miss the hobgoblin with your +0 hand axe of chaos.
You puncture the hobgoblin with your +0 trident!
You kill the hobgoblin!
You have reached level 4!
You feel agile.
Health restored: 35; MP restored: 4 Hit: a) +0 hand axe (chaos) {Leticia}
Press: ? - help, Dir - move target, f - ball python
Aim: a ball python (about 40% to evade your +0 hand axe of chaos)
You reach to attack!
You hit the ball python with your +0 trident.
You kill the ball python!
Your Axes skill increases to level 4!
e - a scroll labelled MULEOP BEUHIO "Time to have some fun!"
You are now a beloved toy of Xom.
As you read the scroll of butterflies, it crumbles to dust.
You hear the flapping of tiny wings.
The smoke demon is knocked back by the sudden gust.
The soul eater is knocked back by the sudden gust.
The iron imp is knocked back by the sudden gust.
You swap places.
The smoke demon gestures at you. The ball of steam hits your butterfly!!
Your butterfly dies!
Your butterfly disappears in a burst of colours!
The ball of steam hits your butterfly!!
Your butterfly dies!
Your butterfly disappears in a burst of colours!
The ball of steam hits you!!
Ouch! That really hurt!
A shower of butterflies erupts from you!
The ball of steam hits your butterfly!!
Your butterfly dies!
Your butterfly disappears in a burst of colours!
The soul eater draws from the surrounding life force!
Ouch! That really hurt!
You die...

#. #.#########
#...5....3# .
#..b.bb...# .#
#.†b.bbbbb##..
#..b3bbbbbb...
#..bb§bbbb##


#...bbbbbb# #..bbbbb@§# #..b..bbbb# ...######### #### You could see a soul eater
(summoned, ally target), a smoke demon (summoned, ally target) and an iron imp
(summoned, ally target).

Vanquished Creatures
  2 gnolls (D:1)
  2 bats (D:1)
  6 endoplasms (D:1)
  2 giant cockroaches (D:1)
  5 goblins (D:1)
  2 hobgoblins
  2 jackals (D:1)
  A quokka (D:1)
  4 ball pythons
  5 frilled lizards (D:1)
  3 kobolds (D:1)
  2 rats (D:1)
36 creatures vanquished.

Vanquished Creatures (collateral kills)
  A rat (D:1)
1 creature vanquished.

Grand Total: 37 creatures vanquished

Notes
Turn   | Place    | Note
-------+----------+-------------------------------------------
     0 | D:1      | jasper the Coglin Chaos Knight began the quest for the Orb.
     0 | D:1      | Reached XP level 1. HP: 18/18 MP: 1/1
    45 | D:1      | XOM: divination: detect creatures
    79 | D:1      | Reached skill level 1 in Polearms
    79 | D:1      | Reached XP level 2. HP: 24/24 MP: 2/2
   331 | D:1      | Reached XP level 3. HP: 17/29 MP: 3/3
  1178 | D:2      | Reached XP level 4. HP: 35/35 MP: 4/4
  1179 | D:2      | Reached skill level 4 in Axes
  1187 | D:2      | XOM: summons 3 hostile demons
  1188 | D:2      | Noticed a smoke demon
  1188 | D:2      | Noticed a soul eater
  1189 | D:2      | XOM: butterfly on damage
  1189 | D:2      | Slain by a soul eater

Illustrated notes

Levels and vault maps discovered:
D:1:      scummos_arrival_hexagon, layout_basic, nicolae_grassy_gnolls
D:2:      layout_basic, basic_altar, ebering_ecumenical_altar_sacrificial,
          minmay_tiny_reverse_x, uniq_robin

Skill      XL: |  1  2  3  4 |
---------------+-------------+-----
Polearms       | 1 2 |  2.1
Axes           | 4 |  4.0
Fighting       | |  3.0
Armour         | |  1.7
Dodging        | |  0.8

Action                     |  1- 3 |  4- 6 || total
---------------------------+-------+-------++-------
  Melee: Hand axe          |    69 |       ||    69
         Trident           |    70 |     1 ||    71
    Use: Scroll            |     1 |     1 ||     2
   Stab: Distracted        |     1 |       ||     1
 Armour: Leather armour    |    35 |     2 ||    37
  Dodge: Dodged            |    46 |       ||    46

Table legend: (Time is in decaauts)
 A = Elapsed time spent in this place.
 B = Non-inter-level travel time spent in this place.
 C = Inter-level travel time spent in this place.
 D = Time resting spent in this place.
 E = Time spent auto-exploring this place.
 F = Levels seen in this place.
 G = Mean time per level.
                   A        B        C        D        E       F      G
               +--------+--------+--------+--------+--------+-----+--------+
         Total |   1198 |   1099 |     99 |     45 |    827 |   2 |  599.0 |
       Dungeon |   1198 |   1099 |     99 |     45 |    827 |   2 |  599.0 |
               +--------+--------+--------+--------+--------+-----+--------+

Top non-repeatable levels by time:
     D:1: 1184 daAuts
     D:2: 14 daAuts
